[Event "*** Titled Tuesday Blitz"]
[Site "Chess.com"]
[Date "2018.09.04"]
[Round "1"]
[White "Nakachuk"]
[Black "Superfelix"]
[Result "1-0"]
[WhiteElo "2707"]
[BlackElo "2358"]
[TimeControl "180+2"]
[EndTime "13:44:44 PDT"]
[Termination "Nakachuk won by resignation"]

1. d4 Nf6 2. Bf4 g6 3. Nc3 d5 4.
e3 Bg7 5. h4 h5 6. Nf3 Bg4 7.
Be2 Bxf3 8. Bxf3 c6 9. Qd2 Nbd7 10. O-O-O Qa5 11. Kb1 Qb6 12. Be2 a5 13. f3 a4 14.
a3 Qa5 15. g4 b5 16. g5 Nh7 17.
e4 e6 18. exd5 exd5 19. Bd6 Bf8 20. Qe3+ Kd8 21. Bxf8 Rxf8 22. Na2 Re8 23. Qf2 Nhf8 24. Rhe1 Ne6 25. Bf1 Qc7 26. Nb4 Qd6 27. Re3 Kc7 28. Rc3 Nb8 29. Bxb5 Nd8 30. Bf1 Kb6 31. Nd3 Ra5 32.
Rc5 Nb7 33. Qd2 Nd7 34. Qb4+ Rb5 35. Rxb5+ cxb5 36. Qd2 Qg3 37. Nb4 Qxh4 38. Nxd5+ Ka7 39. Nc7 Rc8 40. Nxb5+ Kb8 41. Qb4 Qxg5 42. Qxa4 Rc6 43. Qa7+ Kc8 44. Qa8+ Nb8 45. Na7+ Kc7 46. Nxc6 Nxc6 47.
d5 Ne5 48. d6+ Nxd6 49. Qa5+ Kd7 50. Qd5 Qe7 51. Bh3+ f5 52. Re1 Qh4 53. Qxe5 Qxh3 54. Qe6+ Kc6 55. Qxg6 Qxf3 56. a4 h4 57. b3 h3 58. Qh6 Kd5 59. Qe6+ Kc6 60. Qe2 Qc3 61. Rd1 Kc7 62. Qe7+ 1-0

[Event "*** Titled Tuesday Blitz"]
[Site "Chess.com"]
[Date "2018.09.04"]
[Round "1"]
[White "twitchTriniCupid"]
[Black "XDPS"]
[Result "0-1"]
[WhiteElo "2230"]
[BlackElo "2587"]
[TimeControl "180+2"]
[EndTime "13:44:46 PDT"]
[Termination "XDPS won by resignation"]

1. d4 d5 2. Nf3 Nf6 3. c4 dxc4 4. e3 Bg4 5. h3 Bh5 6. Bxc4 e6 7. Nc3 a6 8. a3 Nc6 9. b4 Bd6 10. Bb2 O-O 11.
Rc1 Qe7 12. Be2 Rad8 13. Na4 e5 14. Nxe5 Bxe5 15. Bxh5 Bxd4 16. Bxd4 Rxd4 17. Qe2 Nxh5 18. exd4 Qg5 19. O-O Nf4 20. Qg4 Qxg4 21. hxg4 Ne2+ 22. Kh2 Nxc1 23. Rxc1 Rd8 24. Nc5 Rxd4 25. Nxb7 Ne5 26. f3 c6 27. Nc5 Rd2 28. Kg3 Ra2 29. Rc3 g5 30. Nxa6 Ng6 31. Rc5 h6 32. Rxc6 Nf4 33. Kh2 Kg7 34. b5 Rxa3 35. Rc2 Rb3 36. g3 Nd3 37. Rd2 Ne5 38. Kg2 Nxf3 39. Rd5 Ne1+ 40. Kf2 Nd3+ 41. Ke2 Nb2 42. Rf5 Nc4 43. Kf2 Nd6 44. Rd5 Nxb5 45. Nc5 Rb2+ 46. Kf3 Nc7 47. Rf5 Rc2 48. Nd7 Rc3+ 49. Kf2 Ne6 50. Ne5 Rc7 51. Ke3 Rc3+ 52. Kf2 Rc2+ 53. Ke3 Rc7 54. Ke4 Re7 55.
Kd5 Nf8 56. Kd6 Ra7 57. Nc6 Rd7+ 58. Kc5 Ne6+ 59. Kc4 Rc7 60. Kd5 Rxc6 61. Kxc6 Nd4+ 62. Kd5 Nxf5 63. gxf5 h5 64. Ke5 f6+ 65. Ke4 Kf7 66.
Kd5 Ke7 67. Kc5 h4 0-1

[Event "*** Titled Tuesday Blitz"]
[Site "Chess.com"]
[Date "2018.09.04"]
[Round "1"]
[White "Bad4life"]
[Black "MrVezunchik"]
[Result "0-1"]
[WhiteElo "2431"]
[BlackElo "2836"]
[TimeControl "180+2"]
[EndTime "13:44:47 PDT"]
[Termination "MrVezunchik won by checkmate"]

1. e4 c5 2. Nf3 g6 3. d4 cxd4 4. Nxd4 Bg7 5. Nc3 Nc6 6. Be3 Nf6 7. Bc4 O-O 8. Bb3 d6 9. h3 Na5 10. O-O b6 11. Re1 Bb7 12. Bg5 Rc8 13. Qd3 Rc5 14.
Be3 Qa8 15. Nde2 Rcc8 16. Ng3 Nd7 17. Bd4 Ne5 18. Qd1 Bh6 19. Nd5 Rfe8 20. c3 Nxb3 21. axb3 Bxd5 22. exd5 Qxd5 23. Rxa7 Nc6 24. Ra4 b5 25.
Ra1 Nxd4 26. Qxd4 Qxd4 27. cxd4 Bg7 28. d5 Bxb2 29. Ra7 Kf8 30. Re2 Be5 31. Rb7 Rc1+ 32.
Kh2 Ra8 33. f4 Bf6 34. Rxb5 Raa1 35. b4 h5 36. Rb8+ Kg7 37. Ne4 h4 38. g4 Rh1+ 39. Kg2 Rag1+ 40. Kf2 Bd4+ 41. Kf3 Rxh3+ 42. Ng3 hxg3 43.
Rxe7 g2+ 44. Ke2 Re1+ 45. Kxe1 g1=Q+ 46. Kd2 Qf2+ 47. Re2 Bc3+ 48. Kd1 Qf1+ 49. Kc2 Qxe2+ 50. Kb3 Bd4+ 51. Ka4 Qa6# 0-1

[Event "*** Titled Tuesday Blitz"]
[Site "Chess.com"]
[Date "2018.09.04"]
[Round "1"]
[White "LuisFSiles"]
[Black "TST2014"]
[Result "1-0"]
[WhiteElo "2206"]
[BlackElo "2520"]
[TimeControl "180+2"]
[EndTime "13:44:52 PDT"]
[Termination "LuisFSiles won by resignation"]

1. e4 c5 2. Nf3 Nc6 3. c3 Nf6 4. e5 Nd5 5. Bc4 Nb6 6. Bb3 d5 7. exd6 Qxd6 8. O-O Be6 9. Na3 Bxb3 10. axb3 Qd3 11.
Re1 Rd8 12. Re3 Qd7 13. Nc4 Nd5 14. Re4 e6 15. Nfe5 Nxe5 16. Nxe5 Qc7 17. Rxa7 Bd6 18.
Nc4 Bxh2+ 19. Kh1 Bf4 20. Qg4 f5 21. Rxe6+ Kf7 22. Qxf5+ Nf6 23. Rb6 Rhe8 24. Ne3 Re5 25. Rbxb7 Rxf5 26. Rxc7+ Bxc7 27. Rxc7+ Kg6 28. Nxf5 Kxf5 29.
Rxc5+ Ke6 30. d4 Ra8 31. Be3 Ng4 32. g3 Ra1+ 33. Kg2 Rb1 34. Kf3 Nh2+ 35. Ke4 Rxb2 36. d5+ Kd7 37. b4 Ng4 38. f3 Nf6+ 39. Kd3 Rg2 40.
Bf4 Rg1 41. Rc7+ Kd8 42. c4 Rd1+ 43. Kc3 Rf1 44. Rxg7 Rxf3+ 45. Kd4 Ke8 46. b5 h5 47. b6 h4 48. b7 Nd7 49. Rxd7 Kxd7 50. b8=Q hxg3 51. Bxg3 Rf7 52. Qd6+ Ke8 53. Qe6+ Kf8 54. Qxf7+ Kxf7 55. c5 Ke7 56. c6 Kd8 57. d6 Kc8 58.
d7+ Kd8 59. Bh4+ Kc7 60. d8=Q+ Kxc6 61. Qc8+ Kd6 62. Bg3+ Ke7 63. Qc7+ Ke6 64. Qe5+ Kf7 65. Qf5+ Ke7 66. Bh4+ Kd6 67. Qf6+ Kd7 68. Kc5 Kc7 69. Qe7+ Kb8 70. Kb6 1-0

[Event "*** Titled Tuesday Blitz"]
[Site "Chess.com"]
[Date "2018.09.04"]
[Round "1"]
[White "biostatistician"]
[Black "lolo9292"]
[Result "1-0"]
[WhiteElo "2476"]
[BlackElo "2012"]
[TimeControl "180+2"]
[EndTime "13:44:53 PDT"]
[Termination "biostatistician won by resignation"]

1. d4 Nf6 2. Nf3 e6 3. c4 d6 4.
Nc3 Nbd7 5. e4 g6 6. Be2 Bg7 7. O-O h6 8. h3 b6 9. e5 Ng8 10. Bf4 dxe5 11. dxe5 Bb7 12. Qa4 Ne7 13. Rad1 g5 14.
Bg3 Bc6 15. Qc2 Qc8 16. b4 Rb8 17. Rfe1 O-O 18. h4 g4 19. Nd4 h5 20. Ne4 Bxe4 21.
Qxe4 Ng6 22. Nc6 Ra8 23. Qxg6 fxg6 24. Ne7+ Kf7 25. Nxc8 Rd8 26. Nd6+ cxd6 27. exd6 Rac8 28. Rc1 Bb2 29. Rc2 Ba3 30. Rb1 a5 31. bxa5 bxa5 32. Rb7 Kf6 33. f3 Ne5 34. fxg4 hxg4 35. Bxe5+ Kxe5 36. Bxg4 Rxd6 37. Re2+ Kf6 38. Rf2+ Ke5 39.
Rb5+ Rc5 40. Re2+ Kf6 41. Kh2 Rxc4 42. Rf2+ Ke7 43. Rb7+ Rd7 44. Rxd7+ Kxd7 45. Kh3 Rc3+ 46. Rf3 Rxf3+ 47. Bxf3 Ke7 48. Kg4 Kf6 49. Be4 Bd6 50. Kf3 Be5 51. Bd3 Bd6 52. Ke4 Bg3 53. Be2 Bxh4 54. g4 Be1 55. Bd1 Bc3 56. Be2 e5 57. Bd1 Kg5 58. Be2 Bd4 59. Bd1 Kh4 60. Be2 Kg3 61. Bf3 Kf2 62. Bd1 Kg2 63. Bf3+ Kf2 64.
Bd1 Ke1 65. Bb3 Kf2 66. Bf7 g5 67. Kf5 Kf3 68. Bd5+ Ke3 69. Kxg5 Bb6 70. Kf5 Kd4 71. Be4 Bd8 72. Bb1 Be7 73. g5 e4 74. g6 Bf8 75.
Bxe4 a4 76. Bc2 a3 77. Kf6 Kc3 78. Bb3 1-0

[Event "*** Titled Tuesday Blitz"]
[Site "Chess.com"]
[Date "2018.09.04"]
[Round "1"]
[White "Vuk2000"]
[Black "timator"]
[Result "1-0"]
[WhiteElo "2732"]
[BlackElo "2397"]
[TimeControl "180+2"]
[EndTime "13:45:00 PDT"]
[Termination "Vuk2000 won by resignation"]

1. e4 c5 2. Nc3 e6 3. g3 g6 4. Bg2 Bg7 5. d3 Ne7 6. Be3 b6 7. Qd2 O-O 8. Bh6 Nbc6 9. h4 f6 10.
Bxg7 Kxg7 11. h5 g5 12. h6+ Kh8 13. Nge2 Bb7 14. O-O-O d5 15. exd5 Nxd5 16. Kb1 Nd4 17. Nxd4 cxd4 18. Nxd5 Bxd5 19. Bxd5 Qxd5 20. Rhe1 Rae8 21.
Re4 e5 22. Rde1 Qf7 23. f4 exf4 24.
gxf4 Rxe4 25. dxe4 Qh5 26. fxg5 Qxg5 27. Qxd4 Qxh6 28.
e5 fxe5 29. Rxe5 Qg7 30. a3 Qf6 31. Qc3 Rf7 32. Re8+ Kg7 33. Qc8 Rf8 34. Qg4+ Kh8 35. Re1 Qg7 36. Qe4 Qf6 37. Rh1 Rf7 38. Qe8+ Rf8 39.
Qd7 Rf7 40. Qc8+ Rf8 41. Qc7 Rf7 42. Qb8+ Rf8 43. Qxa7 Rf7 44. Qb8+ Rf8 45. Qc7 Rf7 46. Qc8+ Rf8 47. Qd7 Rf7 48. Qe8+ Rf8 49. Qe3 Rf7 50.
Rd1 Rf8 51. b3 h5 52. Rh1 Qg6 53. Qd4+ Kh7 54. Rg1 Qf6 55. Qd5 Qf5 56. Qb7+ Rf7 57. Qxb6 h4 58. Qd4 Qh5 59. Rh1 h3 60. Qd3+ 1-0

[Event "*** Titled Tuesday Blitz"]
[Site "Chess.com"]
[Date "2018.09.04"]
[Round "1"]
[White "Karina_Oparina"]
[Black "Barcelona_Guy"]
[Result "0-1"]
[WhiteElo "2187"]
[BlackElo "2534"]
[TimeControl "180+2"]
[EndTime "13:45:00 PDT"]
[Termination "Barcelona_Guy won by resignation"]

1. c4 e6 2. Nc3 d5 3. cxd5 exd5 4. d4 c6 5. Qc2 Bd6 6. Nh3 Ne7 7. Bf4 Bxh3 8. Bxd6 Qxd6 9. gxh3 Nd7 10. Bg2 Nf6 11.
e3 Ng6 12. O-O-O O-O-O 13. Bf3 Kb8 14. Rdg1 Rhe8 15. Be2 Rc8 16. h4 Nxh4 17. Rxg7 Ng6 18. Rxf7 c5 19. dxc5 Rxc5 20. Qb3 Re7 21. Rxe7 Qxe7 22.
Rd1 Ne4 23. Rxd5 Nxc3 24. bxc3 Rc7 25. Rb5 Ne5 26. Kb2 a6 27. Qg8+ Rc8 28. Rxe5 Qxe5 29.
Qg3 Qxg3 30. hxg3 Rf8 31. f3 Rg8 32. g4 h5 33. Kc2 h4 34. Bf1 Kc7 35. Bh3 Kd6 36.
f4 b5 37. g5 a5 38. Kd3 Kc5 39. Bf1 a4 40. a3 Rd8+ 41. Kc2 Rg8 42. Kd3 Rg7 43.
Bh3 Rg8 44. Kc2 Re8 45. Kd3 Rd8+ 46. Kc2 Kd5 47. Bg2+ Ke6 48. Bh3+ Kf7 49. Bf1 Kg6 50. Bxb5 h3 51. Bxa4 Rd6 52. Be8+ Kg7 53. f5 h2 54. f6+ Kf8 55. Bb5 h1=Q 0-1

[Event "*** Titled Tuesday Blitz"]
[Site "Chess.com"]
[Date "2018.09.04"]
[Round "1"]
[White "ShadyH9"]
[Black "chessmaxusa"]
[Result "1/2-1/2"]
[WhiteElo "2180"]
[BlackElo "2514"]
[TimeControl "180+2"]
[EndTime "13:45:00 PDT"]
[Termination "Game drawn by repetition"]

1. d4 c6 2. c4 d5 3. Nf3 Nf6 4. Qc2 Bg4 5. Nbd2 Bh5 6. g3 e6 7.
Bg2 Nbd7 8. O-O Be7 9. Re1 O-O 10. e4 dxe4 11. Nxe4 Nxe4 12. Qxe4 Bg6 13. Qe2 Re8 14.
Bf4 a5 15. Rad1 Bb4 16. Rf1 a4 17. c5 Ba5 18. Ne5 Nf6 19. Nc4 Bc7 20. Bxc7 Qxc7 21. Nd6 Red8 22. h4 h6 23. Qe5 Rac8 24. Bf3 Ne8 25. Nc4 Qxe5 26. Nxe5 Bh7 27. Nc4 Ra8 28. a3 Nc7 29. Nd6 Ra7 30. Rfe1 Ne8 31. Nc4 Bc2 32. Rc1 Bb3 33. Nd2 Bd5 34. Bxd5 Rxd5 35. Rc4 Nc7 36. Nb1 Nb5 37. Re4 Rd7 38. Nc3 Nxc3 39.
bxc3 Kf8 40. Re2 Ke7 41. Rb2 Rd8 42. Rbb4 Rda8 43. f4 h5 44. Kf2 Kd7 45. Ke3 Kc7 46.
Rb6 Rd8 47. Rbb4 Rda8 48. Ke4 Kd7 49. Ke3 f6 50. Ke4 g6 51. Rb6 Kc7 52. Rbb4 Kd7 53. Rb6 Rg8 54. Rbb4 Rga8 55. Rb6 Kc7 56. Rbb4 Ra6 57.
Ke3 Ra5 58. Ke4 R8a7 59. Ke3 Ra8 60. Ke4 R5a6 61. Ke3 R6a7 62. Ke4 Ra5 63. Ke3 R8a7 64. Ke4 R7a6 65. Ke3 Ra8 66. Ke4 R8a6 67. Ke3 Ra8 68. Ke4 1/2-1/2

[Event "*** Titled Tuesday Blitz"]
[Site "Chess.com"]
[Date "2018.09.04"]
[Round "1"]
[White "maziarbagheri"]
[Black "maciek_92"]
[Result "0-1"]
[WhiteElo "2317"]
[BlackElo "2654"]
[TimeControl "180+2"]
[EndTime "13:45:04 PDT"]
[Termination "maciek_92 won by resignation"]

1. Nf3 Nf6 2. c4 e6 3. Nc3 d5 4. d4 Be7 5. Bg5 O-O 6. e3 b6 7. cxd5 exd5 8. Bd3 Bb7 9. Rc1 Nbd7 10. O-O a6 11. Qe2 Ne4 12. Bxe7 Qxe7 13. Bxe4 dxe4 14. Nd2 Nf6 15. Nb3 Rad8 16. Rc2 Rd7 17. Rfc1 Rfd8 18.
Nd2 h5 19. Nc4 Qe6 20. Ne5 Re7 21. Qc4 Qf5 22. Nc6 Bxc6 23. Qxc6 h4 24. h3 Kh7 25.
Ne2 Nd5 26. Qa4 a5 27. a3 Rd6 28. Nc3 Nxc3 29. Rxc3 Rg6 30. Kf1 Qg5 31. Ke2 Qxg2 32. Rf1 Qxh3 33. Rc6 Qf3+ 34. Ke1 h3 35. Rxg6 fxg6 36.
Qd1 Rf7 37. Qxf3 Rxf3 38. Ke2 g5 39. Rg1 h2 40. Rh1 Rh3 41. Kf1 Kg6 42. Kg2 Rh4 43. Rxh2 Kf5 44. Rh3 a4 45. Rg3 Rh6 46. Kg1 Rc6 47.
Rh3 Rc2 48. Rh7 Kf6 49. Rh8 Rxb2 50. Re8 Rb3 51. Rxe4 Rxa3 52. d5 b5 53. Rb4 Rb3 54. Rd4 a3 55. d6 cxd6 56. Rxd6+ Ke5 57. Ra6 b4 58. Ra7 Rb2 59. Rxg7 a2 60. Rxg5+ Kf6 61. Ra5 Rb1+ 0-1

[Event "*** Titled Tuesday Blitz"]
[Site "Chess.com"]
[Date "2018.09.04"]
[Round "1"]
[White "nochewycandy"]
[Black "Paladin61"]
[Result "0-1"]
[WhiteElo "2148"]
[BlackElo "2507"]
[TimeControl "180+2"]
[EndTime "13:45:13 PDT"]
[Termination "Paladin61 won by resignation"]

1. c4 e5 2. g3 Nf6 3. Bg2 d5 4.
cxd5 Nxd5 5. Nc3 Nb6 6. Nf3 Nc6 7. O-O Be7 8. d3 O-O 9. a3 Be6 10. b4 a5 11. b5 Nd4 12. Bb2 Nb3 13. Rb1 f6 14. Nd2 Nxd2 15. Qxd2 Nc4 16. Qc2 Nxb2 17. Qxb2 Rb8 18. Rfc1 Qd6 19. Ne4 Qxa3 20. Rxc7 Qxb2 21. Rxb2 Ba3 22. Rbc2 Rfc8 23. b6 a4 24. Nc5 Bxc5 25. R2xc5 a3 26. Ra5 a2 27. Bf3 Ra8 28. Rxc8+ Rxc8 29. Bg4 Bxg4 30. Rxa2 Rc6 31. Rb2 Be6 32. f3 Kf8 33.
Kf2 Ke7 34. Ke3 Kd6 35. d4 exd4+ 36. Kxd4 Rc4+ 37. Kd3 Kc6 38. e4 Rc5 39. f4 Rb5 40. Rc2+ Kxb6 41. f5 Bd7 42. Kd4 Rb4+ 43. Kd5 Bc6+ 44.
Ke6 Bxe4 45. Rf2 Rb5 46. g4 Rc5 47. Rb2+ Ka7 48. Kd6 Rc2 49. Rxc2 Bxc2 50. Ke7 b5 51. Kf8 b4 52. Kxg7 h5 53. g5 fxg5 54. f6 Bb3 55. Kh6 Bf7 56. Kxg5 b3 57. Kh6 b2 58. Kg7 Bd5 59.
f7 Bxf7 60. Kxf7 b1=Q 61. Kf6 Qg1 62. h4 Qg4 63. Ke5 Qxh4 64. Kd6 Qg4 0-1

[Event "*** Titled Tuesday Blitz"]
[Site "Chess.com"]
[Date "2018.09.04"]
[Round "1"]
[White "pedromartinez91"]
[Black "Marcus_Harvey"]
[Result "1-0"]
[WhiteElo "2399"]
[BlackElo "2707"]
[TimeControl "180+2"]
[EndTime "13:45:20 PDT"]
[Termination "pedromartinez91 won by resignation"]

1. e4 e6 2. d4 d5 3. Nd2 h6 4. Ngf3 Nf6 5. Bd3 c5 6. exd5 exd5 7. O-O c4 8. Re1+ Be7 9. Bf1 b5 10. b3 a6 11. Ba3 Be6 12. Bxe7 Qxe7 13. Ne5 O-O 14.
a4 Nbd7 15. Ndf3 Ne4 16. Nxd7 Qxd7 17. Ne5 Qb7 18. f3 Nd6 19. Qd2 Rfe8 20. Qb4 Nf5 21. c3 a5 22. Qxb5 Qxb5 23. axb5 cxb3 24. Ra4 f6 25.
Nc6 Bd7 26. Rb1 Bxc6 27. bxc6 Reb8 28. c4 dxc4 29. Bxc4+ Kf8 30. Rxb3 Nxd4 31. Rxb8+ Rxb8 32. c7 Rc8 33. Ba6 Nxf3+ 34. gxf3 Rxc7 35. Rxa5 Ra7 36. Kg2 Ke7 37. Ra2 Kd6 38. Bc4 Rc7 39. Rd2+ Ke5 40.
Bd3 Kf4 41. Ra2 f5 42. h4 g6 43. Ra4+ Ke3 44. Ra3 Kf4 45. Kf2 Rd7 46. Ra4+ Ke5 47. f4+ Ke6 48. Ke3 Rd6 49. Bc4+ Kf6 50. Ra7 g5 51.
fxg5+ hxg5 52. h5 Rc6 53. Kd4 Rd6+ 54. Bd5 g4 55. h6 Kg5 56. h7 Rh6 57. Ke5 Rh5 58.
Rg7+ Kh4 59. Kf4 Kh3 60. Be6 Kh4 61. Bxf5 g3 62. Rg4+ Kh3 63. Rg5+ Kh4 64. Rxh5+ 1-0

[Event "*** Titled Tuesday Blitz"]
[Site "Chess.com"]
[Date "2018.09.04"]
[Round "1"]
[White "JoachimMouhamad"]
[Black "GMKrikor"]
[Result "0-1"]
[WhiteElo "2397"]
[BlackElo "2739"]
[TimeControl "180+2"]
[EndTime "13:45:21 PDT"]
[Termination "GMKrikor won by resignation"]

1. e4 c5 2. Nf3 g6 3. d4 cxd4 4. Nxd4 Nc6 5. Nc3 Bg7 6. Be3 Nf6 7. Bc4 O-O 8. Bb3 Re8 9. f3 e6 10. Qd2 d5 11. Nxc6 bxc6 12. O-O-O a5 13. Ba4 Qc7 14. Bf4 e5 15. exd5 exf4 16. Bxc6 Rb8 17. Bxe8 Nxe8 18. d6 Qb6 19. b3 Bd7 20. Rhe1 Qc5 21. Nb1 a4 22.
Qd5 Qxd5 23. Rxd5 Bf8 24. c4 axb3 25. axb3 Rxb3 26. c5 Nf6 27. Rd4 Rb5 28. Rc4 Bc6 29. Nc3 Ra5 30. Rd1 Nd7 31. Ne4 f5 32. Ng5 Rxc5 33. Rxc5 Nxc5 34. Kb1 h6 35. Nh3 g5 36. Nf2 Kf7 37. Nd3 Nxd3 38. Rxd3 Bd7 39. Kc2 Ke6 40. Kc3 Bxd6 41. Kc4 Bc8 42. Rd1 Ba6+ 43. Kd4 Bb7 44. Re1+ Kf6 45. Rb1 Bc8 46. Rb6 Ke7 47. Kd5 Be6+ 48.
Kd4 Bc7 49. Rb7 Kd6 50. Ra7 Bd7 51. Ra6+ Bc6 52. Kc4 g4 53. Kd4 Bd8 54. Kd3 Kc5 55. Ra7 gxf3 56. gxf3 Bxf3 57. Rf7 Be4+ 58. Ke2 f3+ 59. Kf1 Bg5 60. Rh7 Kd4 61. h4 Bf4 62.
Kf2 Be3+ 63. Kf1 Bd3+ 64. Ke1 f2+ 0-1

[Event "*** Titled Tuesday Blitz"]
[Site "Chess.com"]
[Date "2018.09.04"]
[Round "1"]
[White "pKiLz5Rn9b"]
[Black "martinmartinez95"]
[Result "1-0"]
[WhiteElo "2818"]
[BlackElo "2425"]
[TimeControl "180+2"]
[EndTime "13:45:31 PDT"]
[Termination "pKiLz5Rn9b won by resignation"]

1. d4 Nf6 2. Nf3 g6 3. Nbd2 d5 4. e3 Bg7 5. b4 O-O 6. Bb2 c6 7.
c4 a5 8. b5 Nbd7 9. bxc6 bxc6 10. Be2 a4 11. Ba3 Re8 12. O-O c5 13. Rc1 cxd4 14. Nxd4 Bb7 15. c5 e5 16. c6 exd4 17. cxb7 Rb8 18. exd4 Rxb7 19. Bd3 Qa5 20. Rc2 Ne4 21. Re1 f5 22. Nf3 Reb8 23. h4 Bf8 24. Bxf8 Nxf8 25. Ne5 Re8 26. h5 Qb6 27. hxg6 Qxd4 28.
Nf3 Qa7 29. Bxe4 dxe4 30. Qd5+ Kh8 31. Qxf5 hxg6 32. Qf6+ Kg8 33. Rce2 Rbe7 34. Nd4 Rf7 35. Nc6 Rxf6 36. Nxa7 Rb6 37. Rxe4 Rxe4 38. Rxe4 Rb1+ 39.
Kh2 Rb2 40. Rxa4 Rxf2 41. Nc6 Ne6 42. Ne5 Kg7 43. Ra7+ Kg8 44. Nxg6 Nd4 45. Kg3 Rc2 46. a4 Ra2 47. Nf4 Ra3+ 48. Kg4 Nc6 49. Ra8+ Kf7 50. Kf5 Ne7+ 51. Ke4 Ra2 52. g4 Kf6 53. Nd5+ Nxd5 54. Kxd5 Rg2 55. a5 Rxg4 56. Kc6 Ra4 57. a6 Ra1 58. Kb7 Rb1+ 59. Ka7 Ke7 60. Rb8 Ra1 61. Rb6 Kd7 62. Kb8 Rc1 63. a7 Rc8+ 64. Kb7 Rc7+ 65.
Ka6 Rc8 66. Rb8 Rc6+ 67. Kb5 1-0

[Event "*** Titled Tuesday Blitz"]
[Site "Chess.com"]
[Date "2018.09.04"]
[Round "1"]
[White "wadsy27"]
[Black "Eagle_pada"]
[Result "0-1"]
[WhiteElo "2324"]
[BlackElo "2665"]
[TimeControl "180+2"]
[EndTime "13:45:32 PDT"]
[Termination "Eagle_pada won by resignation"]

1. c4 Nf6 2. g3 e6 3. Bg2 d5 4.
Nf3 d4 5. O-O c5 6. d3 Nc6 7. e3 Bd6 8. exd4 cxd4 9. Re1 O-O 10. a3 a5 11. Bg5 h6 12. Bxf6 Qxf6 13. Nbd2 Qe7 14. Rc1 Rd8 15. Nh4 Qc7 16. f4 a4 17.
c5 Be7 18. Nhf3 Bd7 19. Nc4 Bxc5 20. Nfe5 Be8 21. Qg4 Bd6 22. Nxd6 Qxd6 23. Nc4 Qc7 24. f5 exf5 25. Qxf5 Bd7 26. Qc5 Be6 27. Bxc6 bxc6 28.
Ne5 Rd5 29. Qxc6 Qb8 30. Nc4 Rd8 31. Rxe6 fxe6 32. Qxe6+ Kh7 33. Rf1 Ra7 34. Ne5 Qd6 35.
Qf5+ g6 36. Qe4 Re8 37. Nf7 Rxe4 38. Nxd6 Re3 39. Rd1 Rd7 40. Nc4 Re2 41. Rf1 Kg7 42.
Rf4 g5 43. Rf2 Rde7 44. Kf1 Re1+ 45. Kg2 R7e2 46. Nb6 Rxf2+ 47. Kxf2 Rh1 48. Kg2 Rd1 49. Nxa4 Rxd3 50. Kf1 Rd2 51. b4 d3 52. b5 Rxh2 53.
Ke1 Ra2 54. b6 Rxa3 55. Nc5 Ra5 56. b7 Rb5 57. Kd2 h5 58. Kxd3 h4 59. gxh4 gxh4 60. Ke3 Kg6 61. Kf3 Rb4 62. Kg2 Kh5 63. Kh3 Rb5 64. Kg2 Kg4 65. Kh2 Rb2+ 66. Kg1 Kh3 67. Kf1 Kh2 68. Nd3 Rxb7 0-1

[Event "*** Titled Tuesday Blitz"]
[Site "Chess.com"]
[Date "2018.09.04"]
[Round "1"]
[White "Rodalquilar"]
[Black "nihalsarin"]
[Result "0-1"]
[WhiteElo "2440"]
[BlackElo "2858"]
[TimeControl "180+2"]
[EndTime "13:45:36 PDT"]
[Termination "nihalsarin won on time"]

1. e4 e5 2. Nf3 Nc6 3. Bb5 a6 4. Ba4 Nf6 5. d4 Nxe4 6. O-O b5 7. Bb3 d5 8. dxe5 Be6 9. Qe2 Be7 10. Rd1 O-O 11.
c4 bxc4 12. Bxc4 Bc5 13. Be3 Bxe3 14. Qxe3 Qb8 15. Bb3 Na5 16. Nd4 Qb6 17. Nd2 Nxd2 18.
Rxd2 c5 19. Nxe6 fxe6 20. Rc1 Rfc8 21. Rdc2 Nxb3 22. Qxb3 Qxb3 23. axb3 Rab8 24. Rxc5 Rxc5 25. Rxc5 Rxb3 26. g4 Rxb2 27. Rc6 Kf7 28. Rxa6 Re2 29. f4 Re4 30. Ra7+ Kg6 31. Re7 Rxf4 32. h3 Re4 33. Rxe6+ Kf7 34. Rd6 Rxe5 35. Rd7+ Kf6 36. Kg2 Re2+ 37.
Kf3 Rd2 38. h4 Rd3+ 39. Kf4 Rd4+ 40. Kf3 h6 41. Rd6+ Ke5 42. Rd7 g5 43. hxg5 hxg5 44. Rg7 Kf6 45. Rd7 Rf4+ 46. Kg3 d4 47. Rd5 Kg6 48.
Rd6+ Kf7 49. Rd5 Kf6 50. Rd6+ Ke5 51. Rg6 d3 52. Rxg5+ Ke4 53. Rg8 Rf3+ 54. Kh4 d2 55. Re8+ Kf4 56. Rd8 Rf2 57. Kh5 Rh2+ 58. Kg6 Kxg4 59.
Kf6 Kf3 60. Ke5 Ke2 0-1

[Event "*** Titled Tuesday Blitz"]
[Site "Chess.com"]
[Date "2018.09.04"]
[Round "1"]
[White "51616516516"]
[Black "jk13"]
[Result "0-1"]
[WhiteElo "2198"]
[BlackElo "2540"]
[TimeControl "180+2"]
[EndTime "13:45:49 PDT"]
[Termination "jk13 won on time"]

1. d4 e6 2. c4 Nf6 3. Nc3 Bb4 4. Qc2 O-O 5. Nf3 d5 6. cxd5 exd5 7. Bg5 h6 8. Bxf6 Qxf6 9. a3 Bxc3+ 10. Qxc3 Bf5 11. e3 Nd7 12. Bd3 Bxd3 13. Qxd3 c6 14. O-O Rfe8 15. b4 b5 16. Nd2 Nb6 17. Rfc1 Nc4 18.
a4 a6 19. Nb3 h5 20. Nc5 h4 21. h3 g6 22. Qe2 Qxd4 23. exd4 Rxe2 24. axb5 cxb5 25. Rxa6 Rae8 26. Nd3 Rd2 27. Ne1 Rxd4 28. Nf3 Rde4 29. Rd1 Rd8 30. Ra7 d4 31. Rxf7 Kxf7 32. Ng5+ Ke7 33. Nxe4 d3 34. Kf1 Rd4 35. Nc5 d2 36.
Ke2 Ne5 37. Rxd2 Rxb4 38. f3 g5 39. Ne4 Nc4 40. Ra2 Rb1 41. Nxg5 b4 42. Ne4 b3 43.
Ra7+ Ke6 44. Rb7 b2 45. Kd3 Rd1+ 46. Kxc4 b1=Q 47. Rxb1 Rxb1 48. Kd3 Rg1 49. Ke3 Rxg2 50. Kf4 Kf7 51. Nd6+ Kg6 52. Nf5 Kh5 53. Ne3 Rg3 54. Nf5 Rxh3 55. Ng7+ Kg6 56. Ne6 Rg3 57. Nd4 Rg1 58.
Ne2 Rg2 59. Ke3 Kf5 60. Nd4+ Kg5 61. f4+ Kg4 62. f5 h3 63. f6 h2 64. f7 Rg3+ 65. Ke2 h1=Q 66. f8=Q Qh2+ 67. Ke1 Rg1+ 0-1

[Event "*** Titled Tuesday Blitz"]
[Site "Chess.com"]
[Date "2018.09.04"]
[Round "1"]
[White "TrimitziosP7"]
[Black "GreatDamnedRedSpot"]
[Result "1-0"]
[WhiteElo "2658"]
[BlackElo "2322"]
[TimeControl "180+2"]
[EndTime "13:45:50 PDT"]
[Termination "TrimitziosP7 won by resignation"]

1. Nf3 c6 2. c4 Na6 3. Nc3 Nc7 4. d4 d5 5. cxd5 cxd5 6. Bf4 e6 7. e3 Bd6 8. Bg3 Nf6 9. Bd3 O-O 10. Qc2 Qe7 11.
O-O-O Bd7 12. Kb1 Rfc8 13. Qe2 a6 14. Rc1 b5 15. Qd2 b4 16. Ne2 Bb5 17. Bxd6 Qxd6 18. Ng3 a5 19. Ne5 a4 20. Bxb5 Nxb5 21. Qd3 Qb6 22.
Rc2 g6 23. Rhc1 Rxc2 24. Qxc2 a3 25. Qc6 Rb8 26. Qxb6 Rxb6 27. Rc6 Rb7 28. Nd3 axb2 29. Kxb2 Nc3 30. Kb3 Nce4 31. Nxe4 Nxe4 32. Nc5 Rb8 33.
Nxe4 dxe4 34. Rc4 Kg7 35. Rxb4 Ra8 36. a4 Kf6 37. Rb5 Rc8 38. Rc5 Rb8+ 39. Ka2 Rb4 40. Ka3 Rb1 41. Rc2 Ke7 42. Rb2 Ra1+ 43. Kb4 Kd6 44. Kb5 Kc7 45. a5 Kb7 46. Kc5+ Ka6 47.
Kd6 Rh1 48. f3 Rxh2 49. fxe4 Rh1 50. Ra2 Re1 51. Ra3 Re2 52. d5 Rxg2 53. dxe6 fxe6 54. Kxe6 h5 55. Kd7 h4 56. e5 h3 57. e6 Rd2+ 58. Ke8 h2 59. Ra1 Re2 60. e7 Rxe3 61. Kf7 Rf3+ 62.
Kxg6 Re3 63. Kf7 Rf3+ 64. Ke8 Rf2 65. Rd1 Kxa5 66. Kd8 Rd2+ 67. Rxd2 h1=Q 68. e8=Q Qh4+ 69. Qe7 Qh8+ 70. Kd7 Qh3+ 71. Qe6 Qh7+ 72. Kd6 1-0

[Event "*** Titled Tuesday Blitz"]
[Site "Chess.com"]
[Date "2018.09.04"]
[Round "1"]
[White "ENEASZ"]
[Black "julinha97"]
[Result "1-0"]
[WhiteElo "2526"]
[BlackElo "2174"]
[TimeControl "180+2"]
[EndTime "13:45:58 PDT"]
[Termination "ENEASZ won by resignation"]

1. e4 c5 2. c3 d5 3. exd5 Qxd5 4. d4 Nf6 5. Nf3 Bg4 6. Be2 e6 7. O-O Nc6 8. Be3 cxd4 9. cxd4 Be7 10. Nc3 Qd6 11. h3 Bh5 12. Qb3 O-O 13. Rfd1 Nb4 14. Rac1 a6 15. Ne5 Bxe2 16. Nxe2 Rac8 17. a3 Qd5 18. Qxd5 Nbxd5 19. g4 h6 20. Kg2 Rfd8 21. Kf3 Bd6 22. Nc4 Be7 23. Ne5 Bd6 24. Nd3 b5 25.
h4 Nb6 26. g5 hxg5 27. hxg5 Nfd5 28. Rh1 Rxc1 29. Rxc1 Rc8 30. Rxc8+ Nxc8 31. Nc5 a5 32. Bd2 b4 33. a4 Ndb6 34. b3 Bxc5 35. dxc5 Nd5 36.
Ke4 Kf8 37. Kd4 Na7 38. Kc4 Ke7 39. Nd4 Kd7 40. f3 Nc6 41. f4 f6 42. Nb5 fxg5 43.
fxg5 Ne5+ 44. Kd4 Nc6+ 45. Kc4 Ne5+ 46. Kd4 Nf3+ 47. Kd3 Nxd2 48. Kxd2 Kc6 49. Nd4+ Kxc5 50. Nxe6+ Kd6 51. Nxg7 Nf4 52. Ke3 Nd5+ 53. Kd4 Nc3 54. Kc4 Ke7 55. Nf5+ Ke6 56. Nd4+ Ke5 57. Nc6+ Kf5 58.
Nxa5 Kxg5 59. Kxb4 Nd5+ 60. Kc5 Nc3 61. Kc4 Ne4 62.
b4 Kf6 63. b5 Nd6+ 64. Kd5 Ke7 65. Nc6+ Kd7 66. Ne5+ Ke7 67. b6 Nb7 68. Kc6 Na5+ 69. Kb5 Nb7 70. Kc6 Na5+ 71. Kc7 Ke6 72. Nc6 Nb3 73.
b7 Nc5 74. b8=Q Na6+ 75. Kb6 Nxb8 76. Nxb8 1-0